 Dungeon Crawl Stone Soup version 0.32-a0-876-gcfddb08e57 (webtiles) character file.

Game seed: 760649257205087581

109 Adrian566 the Sneak (level 4, -1/28 (29) HPs)
             Began as an Octopode Brigand on Apr 1, 2024.
             Slain by Crazy Yiuf
             ... wielding a +2 quarterstaff of chaos
              (9 damage)
             ... on level 3 of the Dungeon.
             The game lasted 00:01:29 (1881 turns).

Adrian566 the Sneak (Octopode Brigand)              Turns: 1881, Time: 00:01:29

HP:   -1/28 (29)    AC:  1    Str: 10    XL:     4   Next: 90%
MP:   4/4           EV: 12    Int: 13    God:
Gold: 120           SH:  0    Dex: 15    Spells: 3/3 levels left

rFire   . . .        a - +2 dagger
rCold   . . .        (no shield)
rNeg    . . .        (helmet restricted)
rPois   .            (no amulet)
rElec   .            (no ring)
rCorr   .            (no ring)
SInv    .            (no ring)
Will    .....        (no ring)
Stlth   +++          (no ring)
HPRegen 0.24/turn    (no ring)
MPRegen 0.09/turn    (no ring)
                     (no ring)

%: no passive effects
@: confused, lightly drained, invisible
A: almost no armour, amphibious, 8 rings, camouflage 1, gelatinous body 1,
(nimble swimmer 1), tentacles
a: no special abilities


You were on level 3 of the Dungeon.
You visited 1 branch of the dungeon, and saw 3 of its levels.

You collected 120 gold pieces.

Inventory:

Hand Weapons
 a - a +2 dagger (weapon)
Missiles
 b - 13 poisoned darts (quivered)
 c - 3 curare-tipped darts
Jewellery
 l - a +4 ring of protection
Scrolls
 d - a scroll of vulnerability {unknown}
 m - a scroll of identify
 n - a scroll of enchant armour {unknown}
 o - 2 scrolls of fear {unknown}
Potions
 e - 2 potions of lignification
 g - a potion of attraction {unknown}
 h - a potion of ambrosia
 i - 2 potions of heal wounds
 j - a potion of haste {unknown}
 k - a potion of berserk rage {unknown}


   Skills:
 + Level 2.2 Fighting
 + Level 2.4 Short Blades
 + Level 2.0 Throwing
 + Level 1.0 Dodging
 * Level 7.9 Stealth


You had 3 spell levels left.
You didn't know any spells.
Your spell library was empty.

Dungeon Overview and Level Annotations

Branches:
Dungeon (3/15)

Altars:
Cheibriados
Gozag
Hepliaklqana
Trog
Uskayaw
Vehumet
Wu Jian
Yredelemnul
The Shining One

Annotations:
D:3 Crazy Yiuf


Innate Abilities, Weirdness & Mutations

You cannot wear most types of armour.
You are amphibious.
You can wear up to eight rings at the same time.
Your skin changes colour to match your surroundings (Stealth+).
Your rubbery body absorbs attacks. (AC +1, EV +1)
((You are camouflaged when in or above water. (Stealth+)))
You have tentacles for arms and can constrict up to eight enemies at once.


Message History

No target in view!
You see here an adder corpse.
You see here an adder corpse.
Things that are here:
a +0 dagger; 2 stones; a kobold corpse
There is a stone staircase leading down here.
A rat comes into view.
The rat squeaks loudly.
A rat is nearby!
A rat is nearby!
The rat bites you but does no damage.
You hit the rat.
You kill the rat!
No target in view!
No target in view!
No target in view!
No target in view!
No target in view!
No target in view!
No target in view!
Could not explore, unopened runed door.
Could not explore, unopened runed door.
No reachable target in view!
You open the door.
There is an open translucent door here.
Crazy Yiuf shouts!
You closely miss Crazy Yiuf. Your grab misses Crazy Yiuf.
You squeeze Crazy Yiuf.
Crazy Yiuf is moderately wounded.
Crazy Yiuf hits you with a +2 quarterstaff of chaos!
You feel drained.
You hit Crazy Yiuf but do no damage. Your grab misses Crazy Yiuf.
You squeeze Crazy Yiuf!
Crazy Yiuf is heavily wounded.
Crazy Yiuf hits you with a +2 quarterstaff of chaos!
* * * LOW HITPOINT WARNING * * *
You are confused.
You fade into invisibility!
Crazy Yiuf hits you with a +2 quarterstaff of chaos!
You die...

......# #....# #.# #####.# ##...#
#.# .# #.# ##.## ##.# .#
##.###### ##.# #..# .# #.......#
#.## #..######### .# #.......#
##.# #..#.......# .# #.......#
#.## #..........# ####.......#
##'## #........... ......†....#
#.@.# #.......###. ###.#....#.#
#.g.# #.......# #. ###.######.#
#).÷# #.......#### ...........#
##### #........>## #########..#
#...........
....#####..###########..†........
###..............................
......##..###..#......<.....#....
##.##.#........####.........#....


You could see Crazy Yiuf (unable to see you).

Vanquished Creatures
  Terence (D:2)
  2 adders
  2 dart slugs
  3 ribbon worms
  3 orcs (D:3)
  4 ball pythons
  4 endoplasms
  A giant cockroach (D:3)
  6 hobgoblins
  3 quokkas
  4 bats
  A frilled lizard (D:3)
  7 goblins
  4 kobolds
  3 rats
48 creatures vanquished.

Notes
Turn   | Place    | Note
-------+----------+-------------------------------------------
     0 | D:1      | Adrian566 the Octopode Brigand began the quest for the Orb.
     0 | D:1      | Reached XP level 1. HP: 14/14 MP: 1/1
   169 | D:1      | Reached XP level 2. HP: 18/19 MP: 2/2
   206 | D:1      | Reached skill level 6 in Stealth
   401 | D:2      | Found a bloodstained altar of Trog.
   428 | D:2      | Noticed Terence
   437 | D:2      | Reached XP level 3. HP: 20/24 MP: 3/3
   445 | D:2      | Killed Terence
   714 | D:2      | Reached skill level 7 in Stealth
   766 | D:2      | Reached XP level 4. HP: 29/29 MP: 4/4
  1081 | D:3      | Found a glowing golden altar of the Shining One.
  1170 | D:3      | Found a hide-covered altar of Uskayaw.
  1177 | D:3      | Found a basalt altar of Yredelemnul.
  1183 | D:3      | Found a snail-covered altar of Cheibriados.
  1190 | D:3      | Found a radiant altar of Vehumet.
  1196 | D:3      | Found an ornate altar of the Wu Jian Council.
  1205 | D:3      | Found an opulent altar of Gozag.
  1210 | D:3      | Found a hazy altar of Hepliaklqana.
  1455 | D:3      | Found a runed translucent door.
  1456 | D:3      | Noticed Crazy Yiuf
  1881 | D:3      | Slain by Crazy Yiuf

Illustrated notes

Levels and vault maps discovered:
D:1:      ldierk_walled_garden, layout_rooms
D:2:      layout_rooms, basic_altar, uniq_terence
D:3:      layout_basic, grunt_temple_overflow_octagram,
          mainiacjoe_overflow_catwalk, uniq_crazy_yiuf_cottage

Skill      XL: |  1  2  3 |
---------------+----------+-----
Stealth        | 6 7 |  7.9
Fighting       | |  2.2
Short Blades   | |  2.4
Throwing       | |  2.0
Dodging        | |  1.0

Action                     |  1- 3 |  4- 6 || total
---------------------------+-------+-------++-------
  Melee: Dagger            |    34 |    50 ||    84
         Constrict         |     9 |    14 ||    23
         Tentacles         |     6 |     7 ||    13
    Use: Scroll            |     4 |       ||     4
         Potion            |     1 |     1 ||     2
   Stab: Sleeping          |     8 |     5 ||    13
         Distracted        |       |     1 ||     1
 Armour: Skin              |    10 |    22 ||    32
  Dodge: Dodged            |    12 |    23 ||    35

Table legend: (Time is in decaauts)
 A = Elapsed time spent in this place.
 B = Non-inter-level travel time spent in this place.
 C = Inter-level travel time spent in this place.
 D = Time resting spent in this place.
 E = Time spent auto-exploring this place.
 F = Levels seen in this place.
 G = Mean time per level.
                   A        B        C        D        E       F      G
               +--------+--------+--------+--------+--------+-----+--------+
         Total |   1871 |   1859 |     12 |    235 |   1325 |   3 |  623.7 |
       Dungeon |   1871 |   1859 |     12 |    235 |   1325 |   3 |  623.7 |
               +--------+--------+--------+--------+--------+-----+--------+

Top non-repeatable levels by time:
     D:3: 828 daAuts
     D:2: 643 daAuts
     D:1: 399 daAuts
